AoeStats
← Mr. Penis

Arena

508618586Analyzed
4v4 RM · 8d ago on Sep 23, 2026· 41m 14s· 8 players
Game mode
Random Map
Map size
Large (8 player)
Population
200
Speed
Normal
Resources
Standard
Victory
Conquest
Starting age
Dark Age
Ending age
Imperial Age
RankedLock teamsTeams togetherTeam positionsShared explorationLock speedFull tech treeHidden civsTurbo modeCheats
Victory
Defeat
🇨🇭 Khitans · Switzerland
1242
+14
🇷🇺 Byzantines · Russia
1226
+15
🇷🇺 Jurchens · Russia
1225
+15
🇭🇺 Poles · Hungary
1194
+17
🇮🇳 Burgundians · India
1339
-20
🇲🇽 Britons · Mexico
1259
-17
🇦🇺 Malay · Australia
1141
-13
🇬🇧 Aztecs · United Kingdom
1091
-11
Unlucky
10:11 Feudal Age
14:54 Castle Age
13:00 Horse Collar
14:56 Double-Bit Axe
20:34 Loom
22:30 Wheelbarrow
23:46 Fortified Wall
25:43 Hand Cart
26:02 Gold Mining
26:03 Stone Mining
27:48 Fletching
31:19 Imperial Age
29:15 Ballistics
29:55 Bow Saw
29:48 Heavy Plow
30:21 Scale Barding Armor
30:14 Bodkin Arrow
31:31 Scale Mail Armor
31:43 Forging
32:23 Bracer
34:22 Conscription
33:22 Elite Cataphract
34:57 Chain Barding Armor
35:12 Iron Casting
36:34 Chemistry
36:09 Logistica
38:13 Plate Barding Armor
Gaborovics
10:57 Feudal Age
11:28 Double-Bit Axe
11:24 Horse Collar
12:25 Wheelbarrow
13:21 Stone Mining
17:18 Castle Age
16:31 Gold Mining
18:18 Bow Saw
18:14 Heavy Plow
20:06 Hand Cart
20:22 Bow Saw
21:40 Heavy Plow
30:11 Imperial Age
28:52 Szlachta Privileges
28:55 Scale Barding Armor
29:25 Forging
29:13 Loom
29:14 Town Watch
30:53 Chain Barding Armor
31:22 Conscription
31:15 Bloodlines
31:06 Husbandry
30:27 Cavalier
31:49 Iron Casting
32:20 Chemistry
32:17 Light Cavalry
35:44 Crop Rotation
35:52 Stone Shaft Mining
36:18 Blast Furnace
KIMOCHI
13:53 Feudal Age
14:21 Domestication
14:26 Double-Bit Axe
18:47 Castle Age
19:28 Fletching
19:39 Padded Archer Armor
19:31 Gold Mining
21:01 Bodkin Arrow
22:05 Bow Saw
24:28 Wheelbarrow
25:41 Hand Cart
25:45 Husbandry
27:31 Thumb Ring
28:29 Ballistics
28:11 Stone Mining
30:19 Leather Archer Armor
30:00 Elite Skirmisher
30:46 Loom
32:17 Stone Shaft Mining
32:53 Hand Cart
35:42 Imperial Age
34:48 Heavy Cavalry Archer
36:23 Bracer
37:28 Chemistry
37:44 Parthian Tactics
38:20 Ring Archer Armor
39:45 Conscription
40:21 Masonry
Mr. Penis
10:46 Feudal Age
12:18 Double-Bit Axe
12:50 Horse Collar
15:12 Castle Age
16:32 Bow Saw
18:18 Fervor
18:59 Wheelbarrow
18:42 Heavy Plow
23:08 Loom
23:39 Hand Cart
23:09 Town Watch
26:31 Husbandry
26:42 Bloodlines
27:28 Scale Barding Armor
31:20 Imperial Age
28:50 Town Patrol
29:48 Forging
29:34 Gold Mining
29:41 Stone Mining
30:39 Chain Barding Armor
30:39 Fortified Wall
31:29 Gold Shaft Mining
32:23 Iron Casting
31:59 Elite Steppe Lancer
34:50 Crop Rotation
36:04 Plate Barding Armor
36:29 Blast Furnace
35:52 Conscription
37:07 Fletching
DSLG | Maxteel97
10:49 Feudal Age
14:41 Castle Age
13:18 Double-Bit Axe
13:15 Horse Collar
18:34 Bow Saw
22:25 Wheelbarrow
22:13 Heavy Plow
27:57 Imperial Age
25:42 Fletching
26:03 Forging
25:34 Crossbowman
26:09 Gold Mining
27:33 Gold Shaft Mining
27:31 Ballistics
27:15 Padded Archer Armor
27:14 Bodkin Arrow
28:42 Bracer
30:01 Chemistry
28:55 Arbalester
30:01 Hand Cart
31:14 Leather Archer Armor
31:38 Elite Longbowman
32:40 Yeomen
34:01 Two-Man Saw
36:55 Ring Archer Armor
37:00 Iron Casting
36:25 Scale Mail Armor
36:31 Pikeman
ragamuffin
10:14 Feudal Age
11:02 Loom
14:34 Castle Age
12:47 Horse Collar
13:40 Double-Bit Axe
17:17 Fletching
18:53 Gold Mining
20:08 Wheelbarrow
21:37 Forging
22:44 Town Watch
27:50 Hand Cart
33:00 Imperial Age
30:59 Squires
30:29 Pikeman
31:52 Heavy Plow
33:34 Iron Casting
32:57 Arson
33:43 Bow Saw
33:58 Ballistics
34:43 Chemistry
34:09 Ballistics
33:51 Stone Mining
35:11 Halberdier
37:36 Blast Furnace
36:32 Bodkin Arrow
Botgamer928
10:46 Feudal Age
12:38 Loom
15:36 Castle Age
15:27 Double-Bit Axe
15:24 Horse Collar
15:55 Forging
21:44 Fervor
27:55 Wheelbarrow
28:22 Heavy Plow
28:39 Bow Saw
31:18 Imperial Age
29:01 Arson
29:16 Squires
29:20 Scale Mail Armor
29:55 Iron Casting
29:54 Eagle Warrior
30:53 Chain Mail Armor
32:30 Garland Wars
32:35 Conscription
31:37 Capped Ram
32:46 Elite Jaguar Warrior
32:52 Siege Ram
34:51 Blast Furnace
33:49 Gold Mining
34:28 Pikeman
35:11 Elite Eagle Warrior
35:58 Pikeman
वीर
4:32 Double-Bit Axe
6:04 Horse Collar
7:21 Loom
8:16 Wheelbarrow
11:37 Feudal Age
16:32 Castle Age
15:07 Heavy Plow
15:41 Bow Saw
15:40 Gold Mining
18:40 Stone Mining
21:35 Loom
24:40 Hand Cart
25:20 Town Watch
26:04 Cavalier
30:06 Imperial Age
29:41 Forging
29:37 Scale Barding Armor
29:35 Padded Archer Armor
31:01 Two-Man Saw
30:21 Town Patrol
32:25 Chemistry
31:45 Ballistics
31:55 Forging
32:02 Leather Archer Armor
31:35 Treadmill Crane
32:06 Masonry
31:59 Fletching
32:49 Conscription
34:28 Bodkin Arrow
36:38 Bracer
Connection lost

Rejoining the realm…

Still unreachable

The connection could not be restored.

Session expired

The server has moved on; the page needs a fresh start.